valkhack, neutral female human Valkyrie ------ ----- --------- |..@..# ##....-` |....*..-###%#%-.f..| # |...|% |.......| # |.@..| # |...|# ---|----- ### ....s| # |...|# ## ------ # |.<.|# # # -----# ### # # # # # ### # ### # # # # -----# ### ---|--------- +...|# # |...........| |....# ###|...........| |.>.| #-...........| ----- ------------- valkhack the Fighter Experience level: 9 Strength: 18/20 Dexterity: 14 Constitution: 18 Intelligence: 10 Wisdom: 11 Charisma: 7 Health: 0(75) Energy: 34(34) Def: 16 Gold: 0 Moves: 15245 Dungeon seed: LnP8YUHhsvMEulYW Game ID: valkhack_1450275260 Your Inventory: Amulets F - an uncursed amulet of magical breathing (being worn) Weapons a - a blessed +2 silver spear (weapon in hand) Armor e - an uncursed +3 small shield (being worn) n - an uncursed +0 pair of gauntlets of dexterity (being worn) q - an uncursed +0 dwarvish cloak (being worn) z - an uncursed +0 elven mithril-coat (being worn) N - an uncursed +0 dwarvish iron helm (being worn) Wands s - an uncursed wand of magic missile (0:4) A - an uncursed wand of cold (0:6) Tools k - an uncursed skeleton key u - an uncursed +0 unicorn horn v - a blessed magic lamp (lit) B - an uncursed bag of holding Gems C - an uncursed luckstone Contents of the bag of holding: 16922 gold pieces a cursed amulet of change 5 uncursed +0 daggers an uncursed +1 elven dagger 2 uncursed +0 elven daggers 6 uncursed +0 javelins 11 uncursed +0 silver arrows an uncursed +0 worm tooth an uncursed +0 dwarvish cloak a cursed -2 dwarvish iron helm an uncursed +0 pair of leather gloves 2 uncursed C-rations an uncursed K-ration an uncursed cream pie 6 uncursed food rations an uncursed fortune cookie 2 uncursed oranges 3 uncursed sprigs of wolfsbane 4 uncursed tripe rations 4 uncursed scrolls of blank paper a cursed scroll of create monster 2 uncursed scrolls of enchant armor 2 cursed scrolls of identify 2 uncursed scrolls of light a blessed scroll of teleportation an uncursed scroll of teleportation an uncursed spellbook of slow monster 2 uncursed potions of blindness a cursed potion of blindness a blessed potion of extra healing 2 uncursed potions of hallucination 2 uncursed potions of healing an uncursed potion of invisibility a cursed potion of invisibility an uncursed ring of sustain ability an uncursed wand of digging (0:4) an uncursed wand of magic missile (0:4) an uncursed wand of magic missile (0:2) an uncursed wand of make invisible (0:6) an uncursed wand of striking (0:3) an uncursed mirror an uncursed +0 pick-axe an uncursed skeleton key an uncursed tin whistle 3 uncursed chrysoberyl stones 4 uncursed garnet stones 3 uncursed worthless pieces of black glass 2 uncursed worthless pieces of green glass 2 uncursed worthless pieces of red glass 2 uncursed worthless pieces of violet glass Spells and supernatural/magical abilities: Name Level Category Fail Memory W - pray for help -- divine ? -- Your skills at the end: Miscellaneous Skills shield [Skilled] wands [Basic] Weapon Skills dagger [Basic] spear [Expert] javelin [Basic] Spellcasting Skills Final Attributes: You were devoutly aligned. You were fire resistant. You were cold resistant. You were poison resistant. You were telepathic. You were stealthy. You could fly. You could survive without air. You were fast. You were lucky. You had extra luck. Bad luck did not time out for you. Good luck did not time out for you. You are dead. Vanquished creatures: a stone golem a baby orange dragon a vampire lord a nurse 2 frost giants a giant mimic a fire giant an ogre king an Elvenking a large mimic a long worm a couatl 3 hill giants a black naga 4 sergeants a small mimic an island nymph an ogre lord a quantum mechanic a sasquatch a pyrolisk 2 freezing spheres 2 flaming spheres a shocking sphere a dwarf king 3 tengu 2 gelatinous cubes an ochre jelly 3 chameleons a mountain centaur a giant a wraith an ettin zombie 2 Grey-elves 3 succubi an incubus a giant beetle 3 cockatrices 2 wolves 5 winter wolf cubs 3 gremlins 36 leprechauns 2 quivering blobs a spotted jelly a lizard an orc-captain a mumak a giant spider a scorpion 4 black lights a vampire bat a forest centaur 4 gnome kings 3 orc mummies a rust monster an owlbear a yeti a gold golem a werewolf 2 dingos 3 jaguars a dwarf lord 4 water nymphs a white unicorn 2 black unicorns a dust vortex a plains centaur a gnome mummy 2 snakes an ape a human zombie a rope golem a Woodland-elf 5 soldier ants 4 bugbears 2 imps 2 baby crocodiles 3 wood nymphs an orc shaman a rock mole 3 rock piercers a fog cloud 4 yellow lights a shrieker 2 violet fungi 12 gnome lords 3 gnomish wizards 2 kobold mummies a guardian naga hatchling 5 elf zombies a ghoul 2 paper golems 7 giant ants a little dog 8 floating eyes a kitten 7 dwarves 2 kobold lords a kobold shaman 6 iguanas 24 hill orcs 19 rothes a rabid rat 2 centipedes 3 giant bats 2 monkeys 2 orc zombies a dwarf zombie a wererat a werejackal 6 killer bees 2 coyotes 4 hobbits 3 acid blobs 7 geckos 10 hobgoblins 4 giant rats 7 cave spiders 2 brown molds a yellow mold 2 red molds 31 gnomes 6 garter snakes 5 manes 2 gnome zombies 13 jackals a fox 2 kobolds 14 newts 5 goblins 4 grid bugs 3 bats a lichen 4 kobold zombies 433 creatures vanquished. Voluntary challenges: You had been an atheist until turn 6746. You used a wielded weapon 796 times, starting on turn 22. You read items or engraved 11 times, starting on turn 10769. You never genocided any monsters. You never polymorphed an object. You never changed form. You used no wishes. You never split a pudding. You wrote Elbereth's name 10 times, starting on turn 10769. You never violated your personal moral code. Dungeon overview: The Dungeons of Doom: levels 1 to 21 Level 1 a long staircase Level 2 a scroll shop, a fountain portal to Advent Calendar Level 3 stairs to The Gnomish Mines Level 4 Level 5 Level 6 Level 7 some fountains Level 8 stairs to Sokoban Level 9 a scroll shop, a sink Level 10 a fountain, a sink Level 11 a fountain Level 12 a throne Level 13 a temple to Loki, a fountain Level 14 (big room (fount), quest portal) many fountains portal to The Quest Level 15 Level 16 a temple to Odin, a fountain Level 17 Level 18 Level 19 <- You were here a temple to Tyr Level 20 a fountain, a sink Level 21 The Gnomish Mines: levels 4 to 8 Level 4 stairs to The Dungeons of Doom Level 5 Level 6 Level 7 some shops, a temple to Tyr, a magic chest, some fountains, a sink Level 8 The Quest: Level 1 a fountain portal to The Dungeons of Doom Sokoban: levels 6 to 7 Level 6 Level 7 a magic chest stairs to The Dungeons of Doom Advent Calendar: Level 4 many trees portal to The Dungeons of Doom History has recorded: On T:1 you entered the Dungeons of Doom to retrieve the Amulet of Yendor! On T:260 you reached level 2 of The Dungeons of Doom. On T:454 you reached level 1 of Advent Calendar. On T:535 you advanced to experience level 2. On T:988 you advanced to experience level 3. On T:1288 you reached level 3 of The Dungeons of Doom. On T:1492 you reached level 1 of The Gnomish Mines. On T:1512 you reached level 4 of The Dungeons of Doom. On T:1615 you reached level 5 of The Dungeons of Doom. On T:1781 you advanced to experience level 4. On T:2648 you reached level 6 of The Dungeons of Doom. On T:2845 you reached level 7 of The Dungeons of Doom. On T:3081 you advanced to experience level 5. On T:3618 you reached level 8 of The Dungeons of Doom. On T:3739 you reached level 9 of The Dungeons of Doom. On T:3962 you reached level 4 of Sokoban. On T:4019 you opened a magic chest. On T:4134 you advanced to experience level 6. On T:4590 you reached level 3 of Sokoban. On T:5031 you opened a magic chest. On T:5456 you advanced to experience level 7. On T:5657 you opened a magic chest. On T:5657 you opened a magic chest. On T:5929 you reached level 2 of The Gnomish Mines. On T:6308 you reached level 3 of The Gnomish Mines. On T:6654 you reached level 4 of The Gnomish Mines. On T:6739 you entered the Minetown temple On T:6790 you opened a magic chest. On T:6816 you opened a magic chest. On T:7035 you advanced to experience level 8. On T:7109 you reached level 5 of The Gnomish Mines. On T:7233 you opened a magic chest. On T:7250 you opened a magic chest. On T:7333 you opened a magic chest. On T:7333 you opened a magic chest. On T:7518 you opened a magic chest. On T:7524 you opened a magic chest. On T:7567 you opened a magic chest. On T:7597 you opened a magic chest. On T:7599 you opened a magic chest. On T:7600 you opened a magic chest. On T:7935 you opened a magic chest. On T:7936 you opened a magic chest. On T:7939 you opened a magic chest. On T:7939 you opened a magic chest. On T:8556 you reached level 10 of The Dungeons of Doom. On T:8956 you reached level 11 of The Dungeons of Doom. On T:9459 you advanced to experience level 9. On T:9722 you reached level 12 of The Dungeons of Doom. On T:10035 you reached level 13 of The Dungeons of Doom. On T:10258 you reached level 14 of The Dungeons of Doom. On T:11087 you opened a magic chest. On T:11091 you opened a magic chest. On T:11093 you opened a magic chest. On T:11474 you advanced to experience level 10. On T:11530 you reached level 1 of The Quest. On T:11773 you reached level 15 of The Dungeons of Doom. On T:12121 you reached level 16 of The Dungeons of Doom. On T:12752 you reached level 17 of The Dungeons of Doom. On T:13280 you reached level 18 of The Dungeons of Doom. On T:13632 you advanced to experience level 11. On T:13906 you reached level 19 of The Dungeons of Doom. On T:13931 you reached level 20 of The Dungeons of Doom. On T:14017 you reached level 21 of The Dungeons of Doom. Score breakdown: Gold: 16922 ( 1692 points) Experience: 9 levels ( 800 points) Exploration: 21 levels ( 600 points) Discoveries: 21 items ( 1050 points) Variety of kills: 134 monsters ( 2000 points) Major goal: reached Minetown ( 500 points) Survival: died (score multiplied by 3) Total score: 19926 Latest messages: You put an uncursed wand called make invis into the bag called holding. You put an uncursed wand of magic missile into the bag called holding. Your movements are now unencumbered. The sasquatch turns to flee! The tiger turns to flee! You hear the splashing of a naiad. The sasquatch turns to flee! The cave spider turns to flee! (2x) The sasquatch turns to flee! The cave spider turns to flee! You finish searching. You add to the writing in the dust with your fingers. Your writing hand is beginning to cramp. The tiger claws you! You die... Final status: Farvel valkhack the Valkyrie, killed by a tiger... You died in The Dungeons of Doom on dungeon level 19 with 19926 points, and 16922 pieces of gold, after 15245 moves. You were level 9 with a maximum of 75 hit points when you died.